 Dungeon Crawl Stone Soup version 0.29-a0-757-g358383bc75 (webtiles) character file.

Game seed: 8381002877059705982

166 kae the Firebug (level 5, -13/28 HPs)
             Began as a Tengu Fire Elementalist on June 30, 2022.
             Mangled by an orc wizard
             ... wielding a +2 dagger of electrocution
              (18 damage)
             ... on level 4 of the Dungeon.
             The game lasted 00:02:35 (3751 turns).

kae the Firebug (Tengu Fire Elementalist)           Turns: 3751, Time: 00:02:36

Health: -13/28     AC:  4    Str:  8    XL:     5   Next: 47%
Magic:  3/10       EV: 14    Int: 20    God:
Gold:   145        SH:  0    Dex: 15    Spells: 3/9 levels left

rFire   . . .      SeeInvis .   (no weapon)
rCold   . . .      Faith    .   (no shield)
rNeg    . . .      Spirit   .   a - +0 robe
rPois   +          Reflect  .   r - +2 hat {Int+3}
rElec   .          Harm     .   (no cloak)
rCorr   .          Rampage  .   (no gloves)
Will    .....                   (boots unavailable)
Stlth   ++........              (no amulet)
HPRegen 0.09/turn               P - ring of poison resistance
MPRegen 0.12/turn               (no ring)

@: flying quickly and evasively, very slightly contaminated, quick
A: beak, talons 3, nimble flight
a: no special abilities


You were on level 4 of the Dungeon.
You visited 1 branch of the dungeon, and saw 4 of its levels.

You collected 145 gold pieces.


Innate Abilities, Weirdness & Mutations

You have a beak for a mouth.
You have claws for feet.
Your magical nature lets you fly swiftly and evasively.


   Skills:
 - Level 2.1 Dodging
 - Level 2.0 Stealth
 + Level 2.8 Spellcasting
 * Level 4.4 Conjurations
 * Level 4.8 Fire Magic


You had 3 spell levels left.
You knew the following spells:

 Your Spells              Type           Power      Damage    Failure   Level
a - Foxfire               Conj/Fire      84%        2x1d8     2%          1
b - Scorch                Fire           44%        2d7       3%          2
c - Conjure Flame         Conj/Fire      21%        6-21      6%          3

Your spell library contained the following spells:

 Spells                   Type           Power      Damage    Failure   Level
 Inner Flame              Hex/Fire       12%        N/A       16%         3
 Tukima's Dance           Hex            2%         N/A       41%         3
 Flame Wave               Conj/Fire      21%        2d7       22%         4
 Passage of Golubria      Tloc           2%         N/A       82%         4
 Yara's Violent Unravell  Hex/Tmut       1%         3d3       99%         5

Inventory:

Missiles
 g - 40 stones
 m - 3 poisoned darts
 q - 2 boomerangs
Armour
 a - a +0 robe (worn)
 j - a +0 ring mail
   (You took it off a hobgoblin on level 2 of the Dungeon)
 k - a +0 ring mail
   (You found it on level 2 of the Dungeon)
 l - a +0 chain mail
   (You found it on level 2 of the Dungeon)
 r - a +2 hat of intelligence (worn)
   (You found it on level 1 of the Dungeon)
 s - a +0 scale mail
   (You found it on level 2 of the Dungeon)
 t - a +0 animal skin
   (You took it off Robin on level 3 of the Dungeon)
 v - a +0 pair of gloves
   (You found it on level 3 of the Dungeon)
Jewellery
 P - a ring of poison resistance (left hand)
   (You found it on level 1 of the Dungeon)
Scrolls
 c - a scroll of noise {!r}
 e - 4 scrolls of teleportation {@r4}
 i - a scroll of fog
 p - a scroll of magic mapping {!r}
Potions
 b - a potion of magic
 d - 3 potions of heal wounds {@q2}
 h - 2 potions of curing {@q1}
 n - 2 potions of haste {@q3}
 o - 2 potions of invisibility
 u - a potion of brilliance {unknown}
 w - a potion of attraction {unknown}

Dungeon Overview and Level Annotations

Branches:
Dungeon (4/15) Zot: 20242  Temple (0/1) D:4

Altars:
Xom

Annotations:
D:2 1 runed translucent door, Crazy Yiuf

######.######
#.# #.#
#.#### ##.†.#
#.⌠.#
####...####.
#..v§.......
#.o@.>..⌠..#
#..v......##
.).###...####
...## #.⌠.#
## #...#
..... #.#.#.
......


You could see an orc wizard (ally target).


Message History

The iguana misses you. 😕 HP[-1] MP[-2]
You take 1 damage, and now have 27/28 hp.
You lost 2 mp, and now have 7/10 mp.
Casting: Scorch (safe; 3% risk of failure)
Confirm with . or Enter, or press ? or * to list all spells.
Flames lash the iguana.
The iguana is burned terribly!
The iguana bites you!
* * * LOW HITPOINT WARNING * * *
The iguana misses you. 😨 HP[-13] MP[-2]
You take 13 damage, and now have 14/28 hp.
MASSIVE DAMAGE!! (PAUSE)
You lost 2 mp, and now have 5/10 mp.
Casting: Scorch (safe; 3% risk of failure)
Confirm with . or Enter, or press ? or * to list all spells.
Flames lash the iguana.
The iguana is burned terribly!
You kill the iguana! 😨 MP[-1]
You lost 1 mp, and now have 4/10 mp.
Casting: Scorch (safe; 3% risk of failure)
Confirm with . or Enter, or press ? or * to list all spells.
Flames lash the endoplasm.
You kill the endoplasm! 😨 MP[-2]
You lost 2 mp, and now have 2/10 mp.
Casting: Scorch (safe; 3% risk of failure)
Confirm with . or Enter, or press ? or * to list all spells.
You can't see any susceptible monsters within range! (Use Z to cast anyway.)
An orc comes into view. It is wielding a +0 whip.
The orc shouts! 😕 HP[+9] MP[+8]
You regained 9 hp, and now have 23/28 hp.
Your mp is fully restored (10).
An orc is nearby!
An orc is nearby!
An orc is nearby!
Casting: Scorch (safe; 3% risk of failure)
Confirm with . or Enter, or press ? or * to list all spells.
You conjure some foxfire!
The foxfire hits the orc.
The foxfire hits the orc!
You kill the orc! 😕 MP[-1]
You lost 1 mp, and now have 9/10 mp.
Casting: Foxfire (safe; 2% risk of failure)
Confirm with . or Enter, or press ? or * to list all spells.
You conjure some foxfire!
An orc comes into view. It is wielding a +0 hand axe. 😕 MP[-1]
You lost 1 mp, and now have 8/10 mp.
An orc is nearby!
Casting: Foxfire (safe; 2% risk of failure)
Confirm with . or Enter, or press ? or * to list all spells.
You conjure some foxfire!
The orc shouts!
You hear a shout!
An orc wizard comes into view.
It is wielding a +2 dagger of electrocution.
The foxfire hits the orc. 😕 MP[-1]
You lost 1 mp, and now have 7/10 mp.
Casting: Foxfire (safe; 2% risk of failure)
Confirm with . or Enter, or press ? or * to list all spells.
You conjure some foxfire!
The foxfire hits the orc.
The foxfire hits the orc!
You kill the orc!
The foxfire hits the orc wizard. 😕 HP[+1]
Casting: Foxfire (safe; 2% risk of failure)
Confirm with . or Enter, or press ? or * to list all spells.
You miscast Foxfire.
You are very lightly contaminated with residual magic.
Nothing appears to happen. 😕 MP[-1]
You lost 1 mp, and now have 6/10 mp.
Casting: Foxfire (safe; 2% risk of failure)
Confirm with . or Enter, or press ? or * to list all spells.
You conjure some foxfire!
The orc wizard casts a spell at you. The magic dart hits you.
The foxfire hits the orc wizard. x2 😮 HP[-3] MP[-1]
You take 3 damage, and now have 21/28 hp.
You lost 1 mp, and now have 5/10 mp.
Casting: Foxfire (safe; 2% risk of failure)
Confirm with . or Enter, or press ? or * to list all spells.
You conjure some foxfire!
The foxfire hits the orc wizard. x2
The orc wizard casts a spell at you. The puff of flame hits you!
* * * LOW HITPOINT WARNING * * *
😨 HP[-11] MP[-1]
You take 11 damage, and now have 10/28 hp.
MASSIVE DAMAGE!! (PAUSE)
You lost 1 mp, and now have 4/10 mp.
Casting: Foxfire (safe; 2% risk of failure)
Confirm with . or Enter, or press ? or * to list all spells.
You conjure some foxfire!
The orc wizard hits you with a +2 dagger of electrocution.
* * * LOW HITPOINT WARNING * * *
You are electrocuted!!
Ouch! That really hurt!
You die...

Skill      XL: |  1  2  3  4 |
---------------+-------------+-----
Conjurations   | 2 3 4 |  4.4
Fire Magic     | 4 |  4.8
Dodging        | |  2.1
Stealth        | |  2.0
Spellcasting   | |  2.8

Action                   |  1- 3 |  4- 6 || total
-------------------------+-------+-------++-------
Melee: Unarmed           |     1 |       ||     1
 Cast: Foxfire           |    78 |    50 ||   128
       Scorch            |     5 |     8 ||    13
  Use: Scroll            |     9 |     2 ||    11
Armor: Robe              |     7 |     5 ||    12
Dodge: Dodged            |    20 |    11 ||    31

Levels and vault maps discovered:
D:1:      amcnicky_arrival_choice, layout_basic,
          shapermc_ecumenical_altar_hornbeckon, minivault_25,
          minmay_small_reverse_x
D:2:      layout_basic, basic_altar, uniq_crazy_yiuf_cottage
D:3:      layout_loops_ring, uniq_robin
D:4:      layout_rooms, minmay_temple_entry_junction, serial_shops,
          nicolae_lakefront_shop

Notes
Turn   | Place    | Note
-------+----------+-------------------------------------------
     0 | D:1      | kae the Tengu Fire Elementalist began the quest for the
                  | Orb.
     0 | D:1      | Reached XP level 1. HP: 10/10 MP: 4/4
     0 | D:1      | magus.rc [v1.11.3]
    53 | D:1      | magus.rc [v1.11.3]
   184 | D:1      | Reached skill level 2 in Conjurations
   184 | D:1      | Reached XP level 2. HP: 8/15 MP: 0/6
  1168 | D:1      | Found a faded altar of an unknown god.
  1351 | D:2      | Reached XP level 3. HP: 19/19 MP: 4/7
  1354 | D:2      | Learned a level 2 spell: Scorch
  1358 | D:2      | Learned a level 3 spell: Conjure Flame
  1435 | D:2      | Found a runed translucent door.
  1436 | D:2      | Noticed Crazy Yiuf
  1479 | D:2      | Found a shimmering altar of Xom.
  1893 | D:2      | Reached skill level 4 in Fire Magic
  2014 | D:2      | Reached skill level 3 in Conjurations
  2366 | D:3      | Noticed Robin
  2573 | D:2      | Reached XP level 4. HP: 22/24 MP: 3/8
  2746 | D:3      | Killed Robin
  3396 | D:3      | You add the spells Tukima's Dance, Passage of Golubria and
                  | Yara's Violent Unravelling to your library.
  3555 | D:4      | Reached skill level 4 in Conjurations
  3555 | D:4      | Gained mutation: Your magical nature lets you fly swiftly
                  | and evasively. [Tengu growth]
  3555 | D:4      | Reached XP level 5. HP: 23/28 MP: 3/10
  3629 | D:4      | Found a staircase to the Ecumenical Temple.
  3751 | D:4      | HP: 5/28 [orc wizard/+2 dagger of electrocution (5)]
  3751 | D:4      | Mangled by an orc wizard

Vanquished Creatures
  A hound (D:4)
  An iguana (D:4)
  Robin (D:3)
  2 adders
  A worm (D:2)
  2 dart slugs (D:3)
  3 orcs
  9 ball pythons
  A bat (D:1)
  7 endoplasms
  A giant cockroach (D:2)
  10 goblins
  13 hobgoblins
  A quokka (D:3)
  A frilled lizard (D:2)
  6 kobolds
  4 rats
64 creatures vanquished.

Vanquished Creatures (others)
  203 foxfires
203 creatures vanquished.

Grand Total: 267 creatures vanquished

Table legend:
 A = Non-vault XP
 B = Vault XP
 C = Vault XP percentage of total XP
 D = Non-vault monster count
 E = Vault monster count
 F = Vault count percentage of total count
                 A         B        C        D         E       F
            +---------+---------+-------+---------+---------+-------
      Total |     198 |      40 |  16.8 |      49 |      15 |  23.4
            +---------+---------+-------+---------+---------+-------
        D:1 |      26 |       7 |  21.2 |      15 |       4 |  21.1
        D:2 |      42 |       2 |   4.5 |      15 |       1 |   6.2
        D:3 |      35 |      31 |  47.0 |      11 |      10 |  47.6
        D:4 |      95 |       0 |   0.0 |       8 |       0 |   0.0
            +---------+---------+-------+---------+---------+-------

Illustrated notes

Table legend:
 A = Kills in this place as a percentage of kills in entire the game.
 B = Kills by you in this place as a percentage of kills by you in the entire game.
 C = Kills by friends in this place as a percentage of kills by friends in the entire game.
 D = Other kills in this place as a percentage of other kills in the entire game.
 E = Experience gained in this place as a percentage of experience gained in the entire game.
 F = Experience gained in this place divided by the number of levels of this place that you have seen.
                   A       B       C       D       E      F
               +-------+-------+-------+-------+-------+----------------------
         Total | 100.0 | 100.0 |   N/A |   N/A | 100.0 |  59.5
       Dungeon | 100.0 | 100.0 |   N/A |   N/A | 100.0 |  59.5
               +-------+-------+-------+-------+-------+----------------------

Table legend: (Time is in decaauts)
 A = Elapsed time spent in this place.
 B = Non-inter-level travel time spent in this place.
 C = Inter-level travel time spent in this place.
 D = Time resting spent in this place.
 E = Time spent auto-exploring this place.
 F = Levels seen in this place.
 G = Mean time per level.
                   A        B        C        D        E       F      G
               +--------+--------+--------+--------+--------+-----+--------+
         Total |   3756 |   3690 |     66 |    199 |   2980 |   4 |  939.0 |
       Dungeon |   3756 |   3690 |     66 |    199 |   2980 |   4 |  939.0 |
               +--------+--------+--------+--------+--------+-----+--------+

Top non-repeatable levels by time:
     D:1: 1352 daAuts
     D:2: 1218 daAuts
     D:3: 967 daAuts
     D:4: 218 daAuts
